AoeStats
← NOC | komtan

Arabia

504653307Analyzed
1v1 RM · 26d ago on Sep 6, 2026· 25m 49s· 2 players
Game mode
Random Map
Map size
Tiny (2 player)
Population
200
Speed
Normal
Resources
Standard
Victory
Conquest
Starting age
Dark Age
Ending age
Imperial Age
RankedLock teamsTeams togetherTeam positionsShared explorationLock speedFull tech treeHidden civsTurbo modeCheats
Victory
Defeat
🇯🇵 Tatars · Japan
2215
+6
🇺🇸 Portuguese · United States
1945
-6
NOC | komtan
5:36 Loom
8:22 Feudal Age
13:11 Double-Bit Axe
15:46 Fletching
16:40 Horse Collar
21:36 Castle Age
20:30 Padded Archer Armor
21:04 Gold Mining
21:45 Crossbowman
22:29 Bodkin Arrow
26:03 Ballistics
Gil-galad
8:24 Loom
10:36 Feudal Age
12:33 Double-Bit Axe
12:29 Horse Collar
16:06 Fletching
17:02 Padded Archer Armor
21:27 Castle Age
20:28 Scale Barding Armor
21:47 Bloodlines
21:32 Gold Mining
22:10 Bodkin Arrow
22:19 Crossbowman
Connection lost

Rejoining the realm…

Still unreachable

The connection could not be restored.

Session expired

The server has moved on; the page needs a fresh start.